AoeStats
← fat_dgk

Pilgrims

509762119Analyzed
4v4 RM · 3d ago on Sep 27, 2026· 56m 46s· 8 players
Game mode
Random Map
Map size
Large (8 player)
Population
200
Speed
Normal
Resources
Standard
Victory
Conquest
Starting age
Dark Age
Ending age
Imperial Age
RankedLock teamsTeams togetherTeam positionsShared explorationLock speedFull tech treeHidden civsTurbo modeCheats
Victory
Defeat
🇸🇪 Malians · Sweden
1263
+14
🇬🇧 Danes · United Kingdom
1261
+14
🇨🇦 Huns · Canada
1209
+17
🇸🇪 Danes · Sweden
1175
+18
🇳🇿 Romans · New Zealand
1262
-17
🇲🇽 Italians · Mexico
1254
-17
🇨🇱 Armenians · Chile
1193
-15
🇧🇷 Tatars · Brazil
1183
-14
johansoderstrom1
10:31 Loom
12:16 Feudal Age
16:39 Castle Age
14:36 Fletching
15:54 Double-Bit Axe
18:18 Bow Saw
26:41 Squires
26:58 Arson
27:16 Horse Collar
32:49 Imperial Age
31:39 Gold Mining
37:22 Chemistry
39:07 Ballistics
41:14 Wheelbarrow
42:32 Man-at-Arms
43:53 Hand Cart
44:12 Long Swordsman
44:56 Scale Mail Armor
45:08 Forging
45:28 Two-Handed Swordsman
47:06 Chain Mail Armor
47:27 Iron Casting
49:41 Champion
52:03 Iron Casting
51:33 Scale Barding Armor
52:10 Iron Casting
52:06 Plate Mail Armor
J.D.Rehn
5:54 Loom
11:42 Feudal Age
12:27 Double-Bit Axe
12:27 Fishing Lines
14:09 Fletching
15:21 Man-at-Arms
20:40 Castle Age
21:24 Gillnets
21:56 Bow Saw
22:48 Bodkin Arrow
23:51 Ballistics
25:36 Wheelbarrow
27:37 Careening
27:41 Clinker Construction
30:50 Imperial Age
31:02 Elite Longship
32:39 Bracer
34:50 Chemistry
33:50 Horse Collar
35:07 Dry Dock
36:17 Heavy Plow
39:18 Shipwright
39:21 Carvel Hull
41:07 Hand Cart
43:31 Town Watch
44:44 Elite Varangian Guard
48:09 Coinage
48:16 Squires
48:01 Gambesons
48:19 Scale Mail Armor
48:30 Forging
49:56 Squires
53:56 Banking
53:41 Stone Mining
53:42 Gold Mining
56:40 Gold Shaft Mining
56:41 Stone Shaft Mining
Kiki da 1.75Handed
5:11 Loom
12:06 Feudal Age
18:09 Castle Age
18:08 Fletching
19:52 Medium Warships
22:59 Squires
23:11 Arson
23:14 Gambesons
23:37 Scale Mail Armor
27:16 Chain Mail Armor
27:20 Horse Collar
28:13 Double-Bit Axe
29:24 Hamask
30:10 Town Watch
34:44 Ballistics
34:22 Murder Holes
36:10 Forging
39:39 Pikeman
43:33 Bodkin Arrow
56:12 Wheelbarrow
EightyNine
4:16 Loom
11:40 Feudal Age
15:42 Castle Age
13:43 Double-Bit Axe
13:43 Horse Collar
17:08 Bow Saw
23:05 Wheelbarrow
22:24 Stone Mining
22:24 Gold Mining
25:23 Scale Mail Armor
26:06 Fletching
27:07 Town Watch
27:44 Bloodlines
28:24 Hand Cart
28:21 Husbandry
29:40 Heavy Plow
34:20 Imperial Age
32:30 Thumb Ring
33:26 Ballistics
33:02 Bodkin Arrow
35:07 Bracer
36:09 Chemistry
34:33 Heavy Cavalry Archer
35:42 Parthian Tactics
35:57 Elite Tarkan
36:57 Scale Barding Armor
37:47 Conscription
39:07 Padded Archer Armor
40:04 Leather Archer Armor
41:12 Chain Barding Armor
41:03 Forging
42:32 Plate Barding Armor
43:49 Iron Casting
47:19 Blast Furnace
48:46 Light Cavalry
53:14 Hussar
RMXs | Arobledoz
6:56 Loom
11:25 Feudal Age
12:05 Double-Bit Axe
16:59 Castle Age
15:30 Gold Mining
15:35 Stone Mining
18:33 Medium Warships
23:53 Bow Saw
27:45 Wheelbarrow
27:26 Town Watch
31:58 Imperial Age
30:59 Hand Cart
35:35 Padded Archer Armor
35:26 Fletching
35:39 Town Patrol
38:35 Chemistry
37:26 Heated Shot
41:43 Ballistics
43:45 Two-Man Saw
45:18 Bombard Tower
48:01 Scale Barding Armor
48:07 Forging
48:16 Bloodlines
47:27 Light Cavalry
48:27 Hussar
49:34 Chain Barding Armor
52:07 Plate Barding Armor
fat_dgk
8:09 Loom
10:37 Feudal Age
11:06 Double-Bit Axe
13:38 Fletching
16:45 Castle Age
17:24 Bodkin Arrow
17:43 Medium Warships
17:54 Bow Saw
22:08 Clinker Construction
23:10 Ballistics
25:05 Fervor
27:44 Wheelbarrow
28:15 Crossbowman
28:57 Padded Archer Armor
34:10 Imperial Age
32:32 Town Watch
33:57 Horse Collar
34:57 Hand Cart
35:25 Heavy Warships
35:02 Bracer
36:50 Chemistry
35:13 Arbalester
36:35 Fereters
36:43 Cilician Fleet
37:45 Carvel Hull
38:06 Elite Skirmisher
39:03 Leather Archer Armor
43:49 Ring Archer Armor
45:54 Elite Composite Bowman
46:55 Conscription
51:33 Squires
54:04 Man-at-Arms
54:29 Gambesons
54:46 Scale Mail Armor
54:57 Forging
[OTM]thebearjew
5:02 Loom
11:13 Feudal Age
14:13 Wheelbarrow
18:39 Castle Age
18:43 Scale Mail Armor
18:54 Forging
18:32 Double-Bit Axe
20:53 Hand Cart
21:09 Fishing Lines
21:56 Bow Saw
21:46 Horse Collar
21:44 Man-at-Arms
22:25 Squires
23:00 Gillnets
23:51 Long Swordsman
32:46 Imperial Age
30:16 Fletching
31:45 Chain Mail Armor
32:59 Pikeman
34:49 Heavy Plow
35:03 Halberdier
39:47 Bodkin Arrow
44:20 Legionary
44:49 Capped Ram
49:34 Conscription
54:57 Crop Rotation
Lord Housedrick
7:09 Loom
10:07 Feudal Age
11:29 Double-Bit Axe
12:42 Horse Collar
15:47 Bloodlines
20:32 Castle Age
21:18 Husbandry
21:46 Bow Saw
21:59 Gold Mining
22:26 Scale Barding Armor
22:34 Forging
23:20 Wheelbarrow
24:23 Hand Cart
25:10 Chain Barding Armor
26:29 Iron Casting
25:44 Fletching
29:18 Light Cavalry
32:15 Heavy Plow
32:11 Stone Mining
35:26 Imperial Age
37:24 Plate Barding Armor
37:50 Blast Furnace
36:33 Elite Steppe Lancer
38:22 Silk Armor
43:34 Conscription
45:40 Hussar
Connection lost

Rejoining the realm…

Still unreachable

The connection could not be restored.

Session expired

The server has moved on; the page needs a fresh start.